General information
- name: BNet
- type: Ladder team game (AT/RT)
- host: Battle.net
- saver: LuciferAPM
map: GolemsInTheMist
- players: 8
- length: 40:03
- speed: Fast
- version: 1.26 W3XP
- replay type: Public
» download(246 KB)
Players
team 1 (loser)
kamehamehaa (
purple | 51 APM | 1202 actions | 23:30)
5 Blood Mage
3 Flame Strike
2 Siphon Mana
3 Archmage
2 Brilliance Aura
1 Summon Water Elemental
» actions
| Assign group hotkey | 8 | |
| Basic commands | 19 | |
| Build / train | 99 | |
| Enter build submenu | 28 | |
| Enter hero's abilities submenu | 8 | |
| Remove unit from queue | 3 | |
| Right click | 367 | |
| Select / deselect | 541 | |
| Select group hotkey | 38 | |
| Use ability | 91 | |
1202 total
» units
| Peasant | 12 | |
| Rifleman | 11 | |
| Goblin Shredder | 1 | |
| Sorceress | 7 | |
| Goblin Zeppelin | 1 | |
| Priest | 2 | |
| Knight | 6 | |
40 total
» upgrades
| Lumber Harvesting | 2 | |
| Sorceress Training | 2 | |
| Masonry | 3 | |
| Priest Training | 2 | |
| Magic Sentry | 1 | |
| Long Rifles | 1 | |
| Control Magic | 1 | |
| Gunpowder | 1 | |
| Armor | 1 | |
| Backpack | 1 | |
| Animal War Training | 1 | |
| Swords | 2 | |
| Plating | 1 | |
19 total
» buildings
| Altar of Kings | 1 | |
| Farm | 16 | |
| Barracks | 2 | |
| Blacksmith | 1 | |
| Scout Tower | 13 | |
| Arcane Tower | 1 | |
| Arcane Vault | 1 | |
| Keep | 1 | |
| Town Hall | 1 | |
| Lumber Mill | 1 | |
| Arcane Sanctum | 2 | |
| Castle | 1 | |
| Guard Tower | 9 | |
50 total
» build order
00:08 Altar of Kings
00:11 Farm
00:12 Farm
01:27 Barracks
01:37 Blacksmith
01:47 Scout Tower
02:14 Arcane Tower
02:38 Farm
02:40 Farm
03:10 Arcane Vault
04:01 Keep
04:44 Town Hall
05:15 Farm
05:41 Lumber Mill
06:06 Farm
06:10 Farm
07:09 Arcane Sanctum
07:32 Scout Tower
07:34 Scout Tower
07:35 Scout Tower
08:25 Arcane Sanctum
10:03 Castle
10:23 Farm
10:24 Farm
10:26 Farm
10:33 Guard Tower
10:37 Scout Tower
10:38 Scout Tower
10:39 Scout Tower
10:41 Scout Tower
10:42 Scout Tower
11:24 Barracks
11:32 Scout Tower
11:34 Scout Tower
11:36 Scout Tower
11:38 Scout Tower
11:45 Guard Tower
12:04 Guard Tower
12:06 Guard Tower
12:31 Guard Tower
12:44 Guard Tower
12:58 Guard Tower
13:00 Guard Tower
13:35 Guard Tower
16:21 Farm
16:23 Farm
16:23 Farm
16:24 Farm
16:25 Farm
16:26 Farm
» items
| Scroll of Town Portal | 7 | |
| Scroll of Regeneration | 4 | |
| Lesser Clarity Potion | 1 | |
| Potion of Healing | 3 | |
15 total

»
LuciferAPM (
green | 55 APM | 2191 actions | 40:03)
6 Death Knight
3 Death Coil
3 Unholy Aura
» actions
| Assign group hotkey | 79 | |
| Basic commands | 84 | |
| Build / train | 78 | |
| ESC pressed | 3 | |
| Enter build submenu | 33 | |
| Enter hero's abilities submenu | 7 | |
| Give item / drop item | 1 | |
| Right click | 840 | |
| Select / deselect | 485 | |
| Select group hotkey | 497 | |
| Use ability | 83 | |
2191 total
» units
| Acolyte | 14 | |
| Ghoul | 6 | |
| Crypt Fiend | 4 | |
| Goblin Shredder | 3 | |
| Frost Wyrm | 7 | |
| Knight | 1 | |
35 total
» upgrades
| Creature Attack | 3 | |
| Creature Carapace | 3 | |
| Web | 1 | |
| Freezing Breath | 1 | |
| Masonry | 1 | |
| Ghoul Frenzy | 1 | |
| Backpack | 1 | |
| Unholy Strength | 1 | |
| Unholy Armor | 1 | |
13 total
» buildings
| Altar of Darkness | 1 | |
| Ziggurat | 14 | |
| Crypt | 1 | |
| Graveyard | 1 | |
| Tomb of Relics | 1 | |
| Halls of the Dead | 1 | |
| Nerubian Tower | 1 | |
| Black Citadel | 1 | |
| Sacrificial Pit | 1 | |
| Boneyard | 2 | |
| Necropolis | 4 | |
| Spirit Tower | 11 | |
| Scout Tower | 4 | |
| Guard Tower | 3 | |
46 total
» build order
00:06 Altar of Darkness
00:07 Ziggurat
00:34 Crypt
00:58 Graveyard
01:14 Tomb of Relics
01:29 Ziggurat
03:56 Ziggurat
04:30 Halls of the Dead
05:36 Nerubian Tower
07:13 Black Citadel
07:53 Sacrificial Pit
08:53 Ziggurat
10:00 Boneyard
10:02 Boneyard
11:39 Necropolis
11:41 Ziggurat
11:43 Ziggurat
13:38 Necropolis
14:02 Spirit Tower
14:02 Spirit Tower
16:43 Necropolis
16:45 Ziggurat
16:46 Ziggurat
16:47 Ziggurat
16:55 Spirit Tower
16:59 Spirit Tower
17:42 Spirit Tower
17:42 Spirit Tower
17:56 Spirit Tower
18:33 Spirit Tower
19:09 Ziggurat
19:11 Ziggurat
20:04 Spirit Tower
20:09 Spirit Tower
21:07 Ziggurat
24:38 Scout Tower
24:39 Scout Tower
24:40 Scout Tower
25:02 Scout Tower
25:19 Guard Tower
25:20 Guard Tower
26:12 Guard Tower
33:57 Necropolis
33:59 Ziggurat
33:59 Ziggurat
36:11 Spirit Tower
» items
| Rod of Necromancy | 4 | |
| Scroll of Town Portal | 1 | |
| Sacrificial Skull | 1 | |
6 total

»
chuckyb73 (
blue | 21 APM | 467 actions | 22:41)
3 Archmage
2 Summon Water Elemental
1 Brilliance Aura
» actions
| Build / train | 68 | |
| Enter build submenu | 29 | |
| Enter hero's abilities submenu | 3 | |
| Remove unit from queue | 1 | |
| Right click | 122 | |
| Select / deselect | 202 | |
| Use ability | 42 | |
467 total
» units
| Peasant | 9 | |
| Goblin Shredder | 1 | |
| Gryphon Rider | 26 | |
36 total
» upgrades
| Masonry | 3 | |
| Lumber Harvesting | 1 | |
| Armor | 3 | |
| Swords | 5 | |
| Storm Hammers | 2 | |
14 total
» buildings
| Altar of Kings | 1 | |
| Farm | 15 | |
| Lumber Mill | 1 | |
| Scout Tower | 8 | |
| Keep | 2 | |
| Guard Tower | 5 | |
| Arcane Tower | 3 | |
| Blacksmith | 1 | |
| Gryphon Aviary | 2 | |
| Castle | 1 | |
39 total
» build order
00:10 Altar of Kings
00:20 Farm
00:54 Lumber Mill
01:03 Farm
01:45 Farm
02:02 Scout Tower
02:22 Keep
02:30 Scout Tower
02:43 Scout Tower
02:49 Guard Tower
03:01 Guard Tower
03:05 Farm
03:16 Farm
03:18 Arcane Tower
03:50 Blacksmith
03:58 Scout Tower
04:30 Farm
04:32 Guard Tower
04:51 Gryphon Aviary
05:13 Farm
05:55 Scout Tower
06:35 Castle
06:43 Farm
07:27 Farm
07:31 Arcane Tower
08:21 Gryphon Aviary
08:28 Scout Tower
09:00 Farm
09:02 Guard Tower
09:42 Farm
10:28 Scout Tower
11:04 Arcane Tower
11:09 Farm
11:50 Farm
12:36 Scout Tower
13:30 Farm
13:33 Guard Tower
14:13 Farm
» items
| Potion of Healing | 1 | |
| Scroll of Town Portal | 1 | |
2 total

»
TouchIt (
pink | 38 APM | 737 actions | 19:22)
3 Archmage
2 Summon Water Elemental
1 Brilliance Aura
3 Blood Mage
2 Flame Strike
1 Banish
» actions
| Basic commands | 14 | |
| Build / train | 57 | |
| Enter build submenu | 16 | |
| Enter hero's abilities submenu | 6 | |
| Give item / drop item | 1 | |
| Right click | 412 | |
| Select / deselect | 191 | |
| Use ability | 40 | |
737 total
» units
| Peasant | 11 | |
| Rifleman | 11 | |
| Mortar Team | 3 | |
| Sorceress | 2 | |
| Priest | 3 | |
30 total
» upgrades
| Gunpowder | 2 | |
| Armor | 2 | |
| Lumber Harvesting | 1 | |
| Fragmentation Shards | 1 | |
| Sorceress Training | 2 | |
| Priest Training | 2 | |
10 total
» buildings
| Farm | 9 | |
| Altar of Kings | 1 | |
| Blacksmith | 1 | |
| Barracks | 1 | |
| Keep | 1 | |
| Lumber Mill | 1 | |
| Workshop | 1 | |
| Town Hall | 1 | |
| Castle | 1 | |
| Arcane Sanctum | 2 | |
| Arcane Vault | 1 | |
20 total
» build order
00:08 Farm
00:11 Altar of Kings
00:47 Blacksmith
01:37 Barracks
01:52 Farm
02:51 Farm
03:41 Keep
04:23 Farm
05:11 Lumber Mill
06:35 Workshop
08:57 Farm
08:58 Farm
08:59 Farm
09:09 Town Hall
09:45 Castle
10:42 Arcane Sanctum
10:43 Arcane Sanctum
11:58 Arcane Vault
13:39 Farm
» items
| Orb of Fire | 2 | |
| Scroll of Regeneration | 1 | |
| Scroll of Town Portal | 3 | |
6 total
team 2 (winner)

»
LolNewbsCarried (
orange | 204 APM | 5946 actions | 29:12)
7 Priestess of the Moon
3 Searing Arrows
3 Trueshot Aura
1 Starfall
3 Keeper of the Grove
2 Entangling Roots
1 Thorns Aura
» actions
| Assign group hotkey | 80 | |
| Basic commands | 155 | |
| Build / train | 138 | |
| Enter build submenu | 25 | |
| Enter hero's abilities submenu | 10 | |
| Give item / drop item | 1 | |
| Right click | 1465 | |
| Select / deselect | 1046 | |
| Select group hotkey | 2960 | |
| Use ability | 66 | |
5946 total
» units
| Wisp | 42 | |
| Archer | 37 | |
| Druid of the Talon | 4 | |
| Faerie Dragon | 4 | |
| Druid of the Claw | 2 | |
89 total
» upgrades
| Improved Bows | 1 | |
| Strength of the Moon | 3 | |
| Marksmanship | 1 | |
| Moon Armor | 3 | |
| Druid of the Talon Training | 1 | |
| Druid of the Claw Training | 1 | |
| Sentinel | 1 | |
| Well Spring | 1 | |
| Ultravision | 1 | |
13 total
» buildings
| Altar of Elders | 1 | |
| Moon Well | 9 | |
| Ancient of War | 2 | |
| Tree of Ages | 2 | |
| Tree of Life | 2 | |
| Tree of Eternity | 2 | |
| Hunter's Hall | 1 | |
| Ancient of Wonders | 1 | |
| Ancient of Wind | 1 | |
| Ancient of Lore | 1 | |
22 total
» build order
00:08 Altar of Elders
00:11 Moon Well
00:18 Ancient of War
01:38 Moon Well
02:52 Tree of Ages
04:07 Tree of Life
04:19 Moon Well
04:33 Moon Well
05:13 Tree of Eternity
05:49 Hunter's Hall
05:52 Ancient of War
08:53 Tree of Life
10:23 Ancient of Wonders
11:28 Moon Well
12:33 Ancient of Wind
12:40 Moon Well
13:33 Moon Well
13:35 Moon Well
14:52 Moon Well
15:43 Ancient of Lore
» items
| Anti-magic Potion | 2 | |
| Staff of Preservation | 4 | |
| Scroll of Town Portal | 3 | |
9 total

»
ThatGunslinger (
red | 59 APM | 2346 actions | 40:03)
8 Archmage
3 Summon Water Elemental
3 Brilliance Aura
1 Mass Teleport
1 Blizzard
» actions
| Assign group hotkey | 264 | |
| Basic commands | 172 | |
| Build / train | 100 | |
| Enter build submenu | 49 | |
| Enter hero's abilities submenu | 8 | |
| Give item / drop item | 3 | |
| Remove unit from queue | 2 | |
| Right click | 991 | |
| Select / deselect | 438 | |
| Select group hotkey | 184 | |
| Use ability | 135 | |
2346 total
» units
| Peasant | 16 | |
| Footman | 5 | |
| Goblin Shredder | 5 | |
| Gryphon Rider | 9 | |
| Goblin Sapper | 1 | |
36 total
» upgrades
| Masonry | 3 | |
| Swords | 3 | |
| Armor | 3 | |
| Lumber Harvesting | 2 | |
| Animal War Training | 1 | |
| Storm Hammers | 1 | |
| Cloud | 1 | |
14 total
» buildings
| Altar of Kings | 1 | |
| Barracks | 1 | |
| Farm | 8 | |
| Lumber Mill | 3 | |
| Keep | 1 | |
| Arcane Vault | 3 | |
| Blacksmith | 2 | |
| Castle | 1 | |
| Town Hall | 3 | |
| Scout Tower | 32 | |
| Gryphon Aviary | 4 | |
| Guard Tower | 15 | |
| Arcane Tower | 0 | |
74 total
» build order
00:36 Altar of Kings
00:38 Barracks
00:52 Farm
01:05 Farm
01:13 Farm
01:58 Farm
03:01 Lumber Mill
03:58 Farm
04:01 Keep
04:20 Arcane Vault
04:48 Blacksmith
05:23 Blacksmith
05:33 Farm
05:35 Farm
05:47 Lumber Mill
06:22 Castle
06:50 Town Hall
06:56 Scout Tower
06:58 Scout Tower
07:03 Scout Tower
07:07 Scout Tower
07:11 Scout Tower
07:13 Scout Tower
07:35 Gryphon Aviary
07:38 Gryphon Aviary
07:43 Gryphon Aviary
07:46 Gryphon Aviary
07:53 Guard Tower
08:16 Scout Tower
08:19 Scout Tower
08:24 Scout Tower
10:10 Guard Tower
11:16 Town Hall
11:21 Scout Tower
11:22 Scout Tower
11:23 Scout Tower
11:26 Scout Tower
11:28 Scout Tower
11:29 Scout Tower
11:30 Scout Tower
11:33 Scout Tower
11:33 Scout Tower
11:34 Scout Tower
11:35 Scout Tower
12:39 Arcane Vault
12:46 Guard Tower
12:49 Guard Tower
13:11 Guard Tower
13:17 Scout Tower
13:18 Scout Tower
13:25 Scout Tower
13:27 Scout Tower
13:28 Scout Tower
13:31 Scout Tower
13:34 Scout Tower
13:48 Scout Tower
13:52 Guard Tower
14:01 Guard Tower
14:02 Guard Tower
14:10 Guard Tower
14:13 Arcane Tower
14:17 Guard Tower
14:19 Guard Tower
14:29 Arcane Vault
15:17 Lumber Mill
15:22 Guard Tower
22:05 Guard Tower
23:14 Town Hall
23:17 Scout Tower
23:19 Scout Tower
23:20 Scout Tower
23:21 Scout Tower
23:48 Guard Tower
24:13 Farm
25:01 Guard Tower
» items
| Scroll of Regeneration | 5 | |
| Scroll of Town Portal | 4 | |
| Ivory Tower | 9 | |
| Potion of Healing | 4 | |
22 total
ORC.TC.BM.SH. (
yellow | 42 APM | 1702 actions | 40:03)
4 Far Seer
2 Feral Spirit
2 Chain Lighting
» actions
| Assign group hotkey | 37 | |
| Basic commands | 129 | |
| Build / train | 61 | |
| Enter build submenu | 26 | |
| Enter hero's abilities submenu | 4 | |
| Give item / drop item | 1 | |
| Right click | 490 | |
| Select / deselect | 250 | |
| Select group hotkey | 597 | |
| Use ability | 107 | |
1702 total
» units
| Peon | 14 | |
| Grunt | 4 | |
| Goblin Shredder | 2 | |
| Goblin Zeppelin | 1 | |
| Wind Rider | 7 | |
| Troll Batrider | 4 | |
| Goblin Sapper | 4 | |
36 total
» upgrades
| Ranged Weapons | 3 | |
| Armor | 3 | |
| Reinforced Defenses | 1 | |
| Envenomed Spears | 1 | |
| Liquid Fire | 1 | |
| Spiked Barricades | 1 | |
10 total
» buildings
| Altar of Storms | 1 | |
| Orc Burrow | 7 | |
| Barracks | 1 | |
| Voodoo Lounge | 1 | |
| Stronghold | 1 | |
| War Mill | 1 | |
| Watch Tower | 29 | |
| Fortress | 3 | |
| Beastiary | 3 | |
| Great Hall | 2 | |
49 total
» build order
00:12 Altar of Storms
00:25 Orc Burrow
00:36 Barracks
01:26 Orc Burrow
01:58 Voodoo Lounge
03:04 Stronghold
03:16 War Mill
05:32 Watch Tower
05:33 Watch Tower
05:34 Watch Tower
05:35 Watch Tower
05:39 Watch Tower
05:43 Watch Tower
06:16 Fortress
06:16 Fortress
06:23 Orc Burrow
07:16 Beastiary
09:21 Watch Tower
09:21 Watch Tower
09:22 Watch Tower
09:23 Watch Tower
09:23 Watch Tower
09:24 Watch Tower
09:27 Watch Tower
09:43 Watch Tower
10:19 Beastiary
11:19 Watch Tower
11:20 Watch Tower
11:21 Watch Tower
11:39 Watch Tower
11:44 Watch Tower
11:56 Watch Tower
11:56 Watch Tower
11:57 Watch Tower
13:42 Orc Burrow
13:43 Orc Burrow
13:44 Orc Burrow
14:46 Beastiary
15:53 Watch Tower
15:54 Watch Tower
17:06 Watch Tower
17:06 Watch Tower
17:06 Watch Tower
17:16 Watch Tower
17:16 Watch Tower
19:48 Great Hall
20:33 Great Hall
21:31 Orc Burrow
» items
| Healing Salve | 2 | |
| Tiny Great Hall | 1 | |
| Scroll of Town Portal | 1 | |
| Orb of Lightning | 1 | |
| Potion of Healing | 1 | |
6 total
worr. (
teal | 26 APM | 1026 actions | 38:54)
5 Death Knight
3 Death Coil
2 Unholy Aura
3 Crypt Lord
2 Carrion Beetles
1 Spiked Carapace
» actions
| Assign group hotkey | 27 | |
| Basic commands | 48 | |
| Build / train | 45 | |
| Enter build submenu | 19 | |
| Enter hero's abilities submenu | 9 | |
| Give item / drop item | 1 | |
| Right click | 306 | |
| Select / deselect | 183 | |
| Select group hotkey | 343 | |
| Use ability | 45 | |
1026 total
» units
| Acolyte | 3 | |
| Ghoul | 3 | |
| Crypt Fiend | 11 | |
| Obsidian Statue | 4 | |
21 total
» upgrades
| Creature Carapace | 3 | |
| Creature Attack | 3 | |
| Web | 1 | |
| Destroyer Form | 1 | |
8 total
» buildings
| Ziggurat | 8 | |
| Altar of Darkness | 1 | |
| Crypt | 2 | |
| Tomb of Relics | 1 | |
| Graveyard | 1 | |
| Nerubian Tower | 1 | |
| Halls of the Dead | 1 | |
| Slaughterhouse | 2 | |
| Black Citadel | 1 | |
| Spirit Tower | 1 | |
| Necropolis | 1 | |
20 total
» build order
00:15 Ziggurat
00:20 Altar of Darkness
00:29 Crypt
00:57 Tomb of Relics
01:24 Graveyard
01:55 Ziggurat
02:11 Nerubian Tower
03:10 Crypt
04:46 Halls of the Dead
04:57 Ziggurat
07:09 Slaughterhouse
07:56 Ziggurat
10:24 Ziggurat
10:27 Ziggurat
10:42 Black Citadel
11:53 Slaughterhouse
13:35 Spirit Tower
19:54 Necropolis
23:23 Ziggurat
23:26 Ziggurat
» items
| Rod of Necromancy | 1 | |
| Scroll of Town Portal | 1 | |
2 total
Chat log
(07:48 / Allies) LuciferAPM: creep this
(08:45 / Allies) LuciferAPM: prod
(10:57 / Allies) LuciferAPM: I'll take this
(13:00 / Allies) TouchIt: yes omg
(14:53 / Allies) TouchIt: no melee but we should hit
(15:39 / Allies) TouchIt: dont go
(15:42 / Allies) TouchIt: we cant all get there
(15:45 / Allies) LuciferAPM: jesus fucking christ
(15:51 / Allies) LuciferAPM: I can't mass wyrms on 1 base assholes
(15:56 / Allies) TouchIt: u dshould have built a th
(16:05 / Allies) TouchIt: fine go
(16:06 / Allies) TouchIt: next time
(19:18 / All) TouchIt: green is literally killing his own units and didnt help gg
(19:27 / All) LuciferAPM: that's called freeing food
(19:28 / All) LuciferAPM: fucktard
(25:28 / All) ThatGunslinger: kill this noob, he was carried
(26:02 / All) LuciferAPM: get out oj you were carried fucking scrub
(26:24 / All) ORC.TC.BM.SH.: lawl
(26:28 / All) ORC.TC.BM.SH.: 2-1 now oj
(26:46 / All) ORC.TC.BM.SH.: we just did 1v1
(26:47 / All) ORC.TC.BM.SH.: u
(26:48 / All) ORC.TC.BM.SH.: u lost
(27:03 / All) ORC.TC.BM.SH.: u are 2-1 now oj
(27:03 / All) ThatGunslinger: Purple who do you think is the best player, me or orange?
(27:05 / All) ORC.TC.BM.SH.: plz go on new account
(27:07 / All) ThatGunslinger: green*
(27:21 / All) LuciferAPM: Purple raged out
(27:22 / All) ThatGunslinger: He wants to 1v1 I think it would be a waste of time
(27:27 / All) LuciferAPM: After he was raped during his tp
(27:31 / All) LuciferAPM: I could host
(27:42 / All) ThatGunslinger: Why bother he sucks
(27:43 / All) LuciferAPM: I say agree
(27:46 / All) LuciferAPM: He can be humiliated
(27:54 / All) LolNewbsCarried: did u know each other?
(27:59 / All) LuciferAPM: 3 of us do
(28:00 / All) LuciferAPM: guess which
(28:24 / All) ORC.TC.BM.SH.: can u plz go on new account orange
(28:26 / All) ORC.TC.BM.SH.: ur 2-1 now
(28:29 / All) LolNewbsCarried: np
(28:33 / All) LolNewbsCarried: i have 31/0 one
(28:34 / All) LuciferAPM: Leave please
(28:38 / All) LuciferAPM: Name?
(28:40 / All) ORC.TC.BM.SH.: are u darkjawks?
(28:43 / All) LolNewbsCarried: cudopassarinho
(28:54 / All) LuciferAPM: Want to 1v1? You can play on it
(28:56 / All) LuciferAPM: And I can rape you
(29:02 / All) LolNewbsCarried: ya 1v1 pls
(29:05 / All) LuciferAPM: Sure
(29:08 / All) LolNewbsCarried: channel cas
(29:13 / All) LuciferAPM: What the fuck is cas
(29:22 / All) ORC.TC.BM.SH.: we know
(29:26 / All) LuciferAPM: What a clown, I'm not going to his shitty 30% 4v4 20 apm channel
(29:30 / All) ThatGunslinger: I had 14881 gold
(29:31 / All) ORC.TC.BM.SH.: teal will stay forever
(29:42 / All) LuciferAPM: Yeah, after that game on Cherryville
(31:03 / All) ORC.TC.BM.SH.: so for future reference, remember, even with 2 stabbers on one side, we cant prevent 2 armies from attacking those middle
(31:05 / All) ORC.TC.BM.SH.: contested expos
(31:19 / All) LuciferAPM: I know
(31:22 / All) LuciferAPM: it was just annoying as hell
(31:26 / All) ThatGunslinger: Yeah have to mass tower them
(31:27 / All) ORC.TC.BM.SH.: i understand
(31:35 / All) ThatGunslinger: and protect them until you get towers
(31:47 / All) ThatGunslinger: ala my bottom expo
(31:48 / All) ORC.TC.BM.SH.: make sure rto have more towers on ur main base or tower island expo
(31:51 / All) ORC.TC.BM.SH.: if ur lone stabber
(32:26 / All) ORC.TC.BM.SH.: once ur expo got killed first time u should have just stopped trying to expo and just tower up,
(32:26 / All) LuciferAPM: oj is shit talking me saying I shouldn't use this name because I'm not lucifer
(32:37 / All) LuciferAPM: told him I had 358 apm my last game and so I deserve it, linked him
(32:38 / All) LuciferAPM: http://highper.ch/index.phpbrazilian%20trash%20cries%20at%20gold%20count
(33:00 / All) ORC.TC.BM.SH.: ur talkign to j?
(33:07 / All) ThatGunslinger: I like this map
(33:10 / All) ThatGunslinger: with hu
(33:19 / All) ORC.TC.BM.SH.: duh its obvious hu is best here
(33:27 / All) LuciferAPM: This map is shit
(33:36 / All) LuciferAPM: Golems is the worst map in the pool
(33:52 / All) ORC.TC.BM.SH.: after this game im gonna watch walkign dead only 2 episodes left
(34:12 / All) ThatGunslinger: That show isn't good
(34:18 / All) ORC.TC.BM.SH.: i know but it has zombies
(34:23 / All) LuciferAPM: Zombies suck ass, overused garbage concept
(34:33 / All) ThatGunslinger: I like 28 days later
(34:37 / All) ORC.TC.BM.SH.: actually this is the first ever tv show with zombies
(34:44 / All) ORC.TC.BM.SH.: 28 days later has fast zombies which is dumb
(34:48 / All) ORC.TC.BM.SH.: slow zombies is only good type
(34:50 / All) ThatGunslinger: Yeah right bro
(34:55 / All) LuciferAPM: Fast zombies are most realistic scientifically
(34:59 / All) ThatGunslinger: 28 days later has better zombie-like baddies
(34:59 / All) LuciferAPM: CDC expects fast ones not slow ones
(35:02 / All) LuciferAPM: check their website
(35:09 / All) ORC.TC.BM.SH.: yea right
(35:14 / All) ThatGunslinger: Dead can't come back to life
(35:21 / All) LuciferAPM: The CDC website has an anti-zombie warning
(35:21 / All) ThatGunslinger: 28 days later is a virus that doesn't kill them
(35:22 / All) ORC.TC.BM.SH.: they can be infected tho
(35:34 / All) ORC.TC.BM.SH.: they are zombies in that movie tho
(35:35 / All) LuciferAPM: Oj raged out
(35:38 / All) LuciferAPM: He rejected the 1v1
(35:40 / All) ThatGunslinger: I laugh at the fags that actually prepare for zombies
(35:47 / All) ThatGunslinger: They aren't zombies
(35:50 / All) ThatGunslinger: in 28 days later
(36:00 / All) ThatGunslinger: But it's a zombie movie
(36:04 / All) ORC.TC.BM.SH.: if they scratch u, ur infected, that is a zombie m ovie
(36:05 / All) LuciferAPM: I have a chemical and radiation emergency kit as well as a general disaster one and first aid emergency kit, preping for
(36:08 / All) LuciferAPM: zombies is stupid though
(36:26 / All) LuciferAPM: Zombies are the least likely out of what the CDC recommends to prepare for
(36:32 / All) ThatGunslinger: kill my base for me rod
(36:33 / All) ORC.TC.BM.SH.: kill our shit teal aint leaving
(36:35 / All) LuciferAPM: Radiation is ez to survive if you know how and the blast doesn't affect you
(36:39 / All) LuciferAPM: K
(37:07 / All) LuciferAPM: Some chemical attacks are too difficult to survive though, like yersinia pestis
(37:10 / All) LuciferAPM: the black death
(37:16 / All) LuciferAPM: was used on chinamen during ww2
(37:29 / All) LuciferAPM: started in china, ended in china
(38:08 / All) LuciferAPM: You still going to 1v1 that other negro?
(38:13 / All) ThatGunslinger: No
(38:15 / All) ThatGunslinger: I never intended to
(38:18 / All) ORC.TC.BM.SH.: he just raped hi
(38:20 / All) ORC.TC.BM.SH.: m
(38:21 / All) ThatGunslinger: I was wanting to shit talk him and make him rage
(38:36 / All) ThatGunslinger: you actually offering him a real 1v1 lozl
(38:43 / All) LuciferAPM: I did but he pussed out and altqqed
(38:46 / All) LuciferAPM: Oj that is
(38:58 / All) ORC.TC.BM.SH.: who wins
(39:00 / All) LuciferAPM: He left oddly enough
(39:03 / All) ThatGunslinger: check stats
(39:03 / All) LuciferAPM: i say your team loses
(39:13 / All) LuciferAPM: Pink is 424-447 w/l
(39:20 / All) ThatGunslinger: Purple 7-3
(39:21 / All) LuciferAPM: Blue is 110-128
(39:24 / All) ORC.TC.BM.SH.: pink loses i say
(39:27 / All) LuciferAPM: Purp is 7-3
(39:36 / All) LuciferAPM: Other than purp my team had terrible records
(39:39 / All) ORC.TC.BM.SH.: orange is gonna ditch his team
(39:40 / All) ThatGunslinger: Or kill orange while he's 2-0?
(39:41 / All) ORC.TC.BM.SH.: acct
(39:45 / All) ThatGunslinger: yeah
(39:45 / All) ORC.TC.BM.SH.: orange will ditch it
(39:48 / All) ThatGunslinger: he probably already thinks
(39:49 / All) ThatGunslinger: He lost
(39:56 / All) LuciferAPM: My team is gone
(39:57 / All) ORC.TC.BM.SH.: ok u lost rod
(39:58 / All) LuciferAPM: Only us left
(40:01 / All) LuciferAPM: K